 Dungeon Crawl Stone Soup version 0.30.0-29-ga12c61a403 (webtiles) character file.

Game seed: 9656640924375969615

154 Sabo the Chopper (level 5, -3/38 (41) HPs)
             Began as a Demonspawn Gladiator on June 10, 2023.
             Slain by a gnoll
             ... wielding a +0 halberd
              (8 damage)
             ... on level 3 of the Dungeon.
             The game lasted 00:11:48 (2529 turns).

Sabo the Chopper (Demonspawn Gladiator)             Turns: 2529, Time: 00:11:49

HP:   -3/38 (41)    AC: 12    Str: 16    XL:     5   Next: 13%
MP:   5/5           EV:  2    Int:  9    God:
Gold: 75            SH:  0    Dex: 15    Spells: 4/4 levels left

rFire   . . .        b - +4 flail of the Equator {elec, rPois}
rCold   . . .        (no shield)
rNeg    . . .        g - +0 plate armour
rPois   +            (helmet restricted)
rElec   .            (no cloak)
rCorr   .            (no gloves)
SInv    .            p - +1 pair of boots
Will    .....        (no amulet) Stlth
                     (no ring)
HPRegen 0.26/turn    (no ring)
MPRegen 0.09/turn

%: no passive effects
@: constricted, drained
A: horns 2, powered by pain 1
a: no special abilities


You were on level 3 of the Dungeon.
You visited 1 branch of the dungeon, and saw 3 of its levels.

You collected 75 gold pieces.

Inventory:

Hand Weapons
 a - a +0 war axe
 b - the +4 flail of the Equator (weapon) {elec, rPois}
   (You found it on level 2 of the Dungeon)

   rPois:     It protects you from poison.
 j - a +3 dagger
Missiles
 d - 3 throwing nets (quivered)
 e - a javelin
 m - 2 boomerangs
Armour
 g - a +0 plate armour (worn)
 p - a +1 pair of boots (worn)
Scrolls
 c - a scroll of summoning
Potions
 f - 2 potions of lignification {unknown}
 k - a potion of attraction {unknown}
 n - a potion of heal wounds {unknown}
 o - a potion of degeneration {unknown}
 r - a potion of curing {unknown}


   Skills:
 + Level 3.3 Fighting
 + Level 4.0 Axes
 + Level 1.9 Throwing
 + Level 1.3 Armour
 + Level 2.9 Dodging
 + Level 0.3 Stealth


You had 4 spell levels left.
You didn't know any spells.
Your spell library contained the following spells:

 Spells                   Type           Power      Damage    Failure   Level
 Apportation              Tloc           0%         N/A       100%        1
 Alistair's Intoxication  Tmut/Pois      0%         N/A       100%        5


Dungeon Overview and Level Annotations

Branches:
Dungeon (3/15)

Altars:

Shops:
D:2 [

Annotations:
D:3 1 runed translucent door, NateTC's ghost, weakling GrFi


Innate Abilities, Weirdness & Mutations

You have a pair of horns on your head.
You sometimes gain a little power by taking damage.


Message History

A gnoll comes into view. It is wielding a +0 spear.
You hit the frilled lizard.
You kill the frilled lizard!
A gnoll comes into view. It is wielding a +0 halberd.
Found a stone staircase leading up.
The gnoll shouts!
A ball python comes into view.
The gnoll hits you with a +0 spear.
A gnoll comes into view. It is wielding a +0 flail.
You see here a frilled lizard corpse.
You barely miss the gnoll.
The ball python hisses angrily.
An orc comes into view. It is wielding a +0 hand axe.
A gnoll comes into view. It is wielding a +0 club.
The gnoll hits you with a +0 spear.
You sock the gnoll!
The gnoll is heavily wounded.
The gnoll closely misses you.
You sock the gnoll!
You kill the gnoll!
The gnoll hits you but does no damage.
You see here a +0 spear.
The gnoll attacks as you move away! The gnoll hits you with a +0 flail!
The gnoll barely misses you.
An orc comes into view. It is wielding a +0 dagger.
You see here a frilled lizard corpse.
You closely miss the gnoll.
The gnoll hits you from afar with a +0 halberd!
The gnoll hits you but does no damage. The ball python barely misses you.
The ball python grabs you. The ball python constricts you.
The gnoll hits you from afar with a +0 halberd!
* * * LOW HITPOINT WARNING * * *
The ball python bites you but does no damage.
The ball python constricts you.
You hit the gnoll.
The gnoll is moderately wounded.
The ball python bites you but does no damage.
The ball python constricts you.
The gnoll hits you from afar with a +0 halberd!
You die...

..... .....
...... o.....
######......
#...........
#..ogg...... ##
##)S..<...#
....##g@########
#......#
###.#..#####.
#.#)....... ..#
..#.####### #.#
## #.# ### # .
#.# ##.###.....
.# #.#
#.......... .#
#.# #..###~..~#


You could see 3 gnolls, 2 orcs and a ball python.

Vanquished Creatures
  An orc priest (D:3)
  An orc wizard (D:3)
  A gnoll (D:3)
  4 adders
  3 dart slugs
  2 orcs (D:3)
  5 ball pythons
  3 bats
  5 endoplasms
  A giant cockroach (D:1)
  5 hobgoblins
  2 jackals (D:1)
  4 kobolds
  2 frilled lizards
  2 goblins
  8 rats
49 creatures vanquished.

Notes
Turn   | Place    | Note
-------+----------+-------------------------------------------
     0 | D:1      | Sabo the Demonspawn Gladiator began the quest for the Orb.
     0 | D:1      | Reached XP level 1. HP: 16/16 MP: 1/1
   144 | D:1      | Reached skill level 3 in Axes
   147 | D:1      | Gained mutation: You have a pair of small horns on your
                  | head. [demonic ancestry]
   147 | D:1      | Reached XP level 2. HP: 18/22 MP: 2/2
  1032 | D:2      | You fall into a shaft and drop 1 floor!
  1051 | D:3      | Gained mutation: You have a pair of horns on your head.
                  | [demonic ancestry]
  1051 | D:3      | Reached XP level 3. HP: 14/28 MP: 3/3
  1146 | D:3      | Reached XP level 4. HP: 18/35 MP: 4/4
  1250 | D:3      | Noticed NateTC's ghost (weakling GrFi)
  1267 | D:3      | Found a runed translucent door.
  1399 | D:2      | Reached skill level 1 in Armour
  1598 | D:2      | Reached skill level 4 in Axes
  1610 | D:2      | Identified the +4 flail of the Equator {elec, rPois}
  1911 | D:2      | Gained mutation: You sometimes gain a little power by
                  | taking damage. [demonic ancestry]
  1911 | D:2      | Reached XP level 5. HP: 41/41 MP: 5/5
  2255 | D:2      | Found Boocixt's Armour Shop.
  2529 | D:3      | Slain by a gnoll

Illustrated notes

Levels and vault maps discovered:
D:1:      wander_arrival_lonely_grave, layout_basic, serial_curves,
          eino_curves_04, eino_curves_01, chequers_avenue,
          minmay_misc_feat_doors, feat_on_display
D:2:      layout_basic, serial_shops, nicolae_shop_advertising_works
          [nicolae_subvault_shop_adworks]
D:3:      layout_rooms, lemuel_doored_altar, lemuel_coloured_pillars_altar,
          hellmonk_ghost_happy_afterlife, fountainhead, st_stairs_12,
          minmay_strange_pillars, minmay_misc_feat_iff

Skill      XL: |  1  2  3  4 |
---------------+-------------+-----
Axes           | 3 4 |  4.0
Fighting       | 3 |  3.3
Armour         | 1 |  1.3
Throwing       | |  1.9
Dodging        | |  2.9
Stealth        | |  0.3

Action                     |  1- 3 |  4- 6 || total
---------------------------+-------+-------++-------
  Melee: War axe           |    58 |    33 ||    91
         Headbutt          |     6 |     4 ||    10
         Punch             |     1 |       ||     1
         Flail             |       |    21 ||    21
    Use: Scroll            |       |     5 ||     5
 Armour: Plate armour      |    44 |    40 ||    84
         Leather armour    |     3 |       ||     3
  Dodge: Dodged            |    15 |    18 ||    33
